[ AOE2 MATCH · #473618054 ]
UnrankedMalians vs Ethiopians
[ REPLAY ANALYSIS · EXTRACTED FROM THE RECORDED GAME ]
Feudal
9:01
Castle
22:20
Imperial
—
| APM avg | 53.3 |
| APM peak | 102 |
| eAPM avg | 23.3 |
| Villagers / military | 125 / 71 |
Focus
⚔️ 24.7% · 🌾 75.3%
Knight ×56 · Scout Cavalry ×13 · Monk ×2
Feudal
9:52
Castle
23:42
Imperial
—
| APM avg | 48.7 |
| APM peak | 90 |
| eAPM avg | 21.1 |
| Villagers / military | 122 / 132 |
Focus
⚔️ 29.3% · 🌾 70.7%
Archer ×127 · Mangonel ×5
Feudal
8:54
Castle
22:50
Imperial
—
| APM avg | 48.6 |
| APM peak | 118 |
| eAPM avg | 17.4 |
| Villagers / military | 83 / 89 |
Focus
⚔️ 27.6% · 🌾 72.4%
Knight ×42 · Battle Elephant ×33 · Scout Cavalry ×12 · Monk ×1 · Spearman ×1
Feudal
8:54
Castle
26:47
Imperial
—
| APM avg | 70.9 |
| APM peak | 96 |
| eAPM avg | 18.3 |
| Villagers / military | 93 / 123 |
Focus
⚔️ 38.5% · 🌾 61.5%
Archer ×123
Feudal
10:07
Castle
23:35
Imperial
—
| APM avg | 65.0 |
| APM peak | 108 |
| eAPM avg | 24.7 |
| Villagers / military | 78 / 103 |
Focus
⚔️ 22.6% · 🌾 77.4%
Archer ×94 · Spearman ×7 · Mangonel ×2
Feudal
9:34
Castle
25:19
Imperial
—
| APM avg | 59.6 |
| APM peak | 102 |
| eAPM avg | 21.3 |
| Villagers / military | 55 / 61 |
Focus
⚔️ 41.7% · 🌾 58.3%
Archer ×61
Feudal
8:50
Castle
23:09
Imperial
—
| APM avg | 54.0 |
| APM peak | 93 |
| eAPM avg | 19.9 |
| Villagers / military | 69 / 66 |
Focus
⚔️ 39.9% · 🌾 60.1%
Knight ×47 · Scout Cavalry ×16 · Monk ×2 · Spearman ×1
Feudal
9:02
Castle
20:50
Imperial
37:17
| APM avg | 64.5 |
| APM peak | 111 |
| eAPM avg | 38.5 |
| Villagers / military | 156 / 89 |
Focus
⚔️ 55.7% · 🌾 44.3%
Archer ×69 · Plumed Archer ×17 · Monk ×2 · Spearman ×1
Match map
Initial resources + every placement click. Lines = walls · curves = elevation contours. ◆ gold · ⬟ stone · ● berries · ✦ relic · ◌ wall gap
Inputs per minute
— Tiny Airlane - - CHÓ GHẺ DŨNG CẢM
Build order — Tiny Airlane
First 150 of 346 actions detected
| 0:01 | Create | Villager (Male) |
| 0:01 | Create | Villager (Male) |
| 0:02 | Create | Villager (Male) |
| 0:03 | Build | House |
| 0:04 | Build | House |
| 0:05 | Create | Villager (Male) |
| 0:05 | Create | Villager (Male) |
| 1:29 | Create | Villager (Male) |
| 2:01 | Create | Villager (Male) |
| 2:25 | Create | Villager (Male) |
| 2:29 | Research | Loom |
| 2:59 | Build | Mill |
| 3:17 | Create | Villager (Male) |
| 3:19 | Create | Villager (Male) |
| 3:43 | Create | Villager (Male) |
| 3:59 | Build | House |
| 4:14 | Build | Lumber Camp |
| 4:16 | Create | Villager (Male) |
| 4:28 | Create | Villager (Male) |
| 4:49 | Create | Villager (Male) |
| 5:18 | Create | Villager (Male) |
| 6:09 | Create | Villager (Male) |
| 6:51 | Research | Feudal Age |
| 7:37 | Build | House |
| 8:03 | Build | Barracks |
| 8:16 | Build | Palisade Wall |
| 8:18 | Build | Palisade Wall |
| 8:38 | Create | Villager (Male) |
| 8:47 | Create | Villager (Male) |
| 9:01 | Age | Feudal Age |
| 9:04 | Build | Stable |
| 9:11 | Create | Villager (Male) |
| 9:27 | Research | Double-Bit Axe |
| 9:46 | Build | Mill |
| 9:48 | Create | Scout Cavalry |
| 10:02 | Create | Villager (Male) |
| 10:05 | Build | House |
| 10:08 | Create | Villager (Male) |
| 10:18 | Create | Scout Cavalry |
| 10:23 | Create | Villager (Male) |
| 10:28 | Build | House |
| 10:46 | Research | Horse Collar |
| 11:00 | Create | Villager (Male) |
| 11:03 | Create | Scout Cavalry |
| 11:09 | Build | Farm |
| 11:11 | Build | Farm |
| 11:14 | Build | House |
| 11:15 | Build | Palisade Wall |
| 11:20 | Create | Villager (Male) |
| 11:25 | Build | Palisade Wall |
| 11:27 | Build | Palisade Wall |
| 11:33 | Build | Farm |
| 11:41 | Build | Farm |
| 11:57 | Create | Villager (Male) |
| 11:59 | Build | Farm |
| 12:10 | Build | Farm |
| 12:20 | Create | Villager (Male) |
| 12:31 | Build | Farm |
| 12:39 | Build | Farm |
| 12:48 | Create | Villager (Male) |
| 12:57 | Build | Blacksmith |
| 12:59 | Create | Villager (Male) |
| 13:09 | Create | Villager (Male) |
| 13:16 | Build | Farm |
| 13:25 | Create | Scout Cavalry |
| 13:30 | Create | Villager (Male) |
| 13:37 | Build | Farm |
| 13:38 | Create | Villager (Male) |
| 13:55 | Build | Farm |
| 13:55 | Create | Villager (Male) |
| 13:58 | Build | House |
| 14:05 | Create | Scout Cavalry |
| 14:10 | Build | Mining Camp |
| 14:15 | Build | Building 796 |
| 14:16 | Build | Palisade Wall |
| 14:24 | Create | Villager (Male) |
| 14:34 | Build | Farm |
| 14:42 | Create | Scout Cavalry |
| 14:52 | Create | Villager (Male) |
| 15:00 | Build | Farm |
| 15:09 | Create | Scout Cavalry |
| 15:11 | Create | Villager (Male) |
| 15:14 | Build | House |
| 15:15 | Build | House |
| 15:20 | Build | Farm |
| 15:45 | Research | Scale Barding Armor |
| 15:47 | Create | Villager (Male) |
| 15:51 | Build | Farm |
| 16:05 | Create | Scout Cavalry |
| 16:14 | Build | Farm |
| 16:15 | Create | Villager (Male) |
| 16:31 | Create | Scout Cavalry |
| 16:42 | Create | Villager (Male) |
| 16:45 | Build | Farm |
| 17:02 | Research | Bloodlines |
| 17:04 | Create | Villager (Male) |
| 17:09 | Build | Farm |
| 17:09 | Create | Villager (Male) |
| 17:12 | Build | Farm |
| 17:26 | Create | Scout Cavalry |
| 17:41 | Build | House |
| 17:45 | Build | Market |
| 17:55 | Research | Wheelbarrow |
| 19:03 | Create | Villager (Male) |
| 19:39 | Build | Farm |
| 19:40 | Research | Castle Age |
| 19:55 | Build | Lumber Camp |
| 20:03 | Research | Forging |
| 20:03 | Research | Forging |
| 20:36 | Build | Stable |
| 22:02 | Create | Villager (Male) |
| 22:20 | Age | Castle Age |
| 22:22 | Create | Knight |
| 22:22 | Create | Knight |
| 22:23 | Research | Husbandry |
| 22:25 | Research | Chain Barding Armor |
| 22:26 | Research | Bow Saw |
| 22:27 | Create | Villager (Male) |
| 22:31 | Build | Town Center |
| 22:36 | Create | Villager (Male) |
| 22:39 | Create | Knight |
| 22:51 | Research | Town Watch |
| 23:01 | Create | Knight |
| 23:01 | Create | Knight |
| 23:15 | Research | Heavy Plow |
| 23:18 | Create | Villager (Male) |
| 23:20 | Build | Farm |
| 23:28 | Create | Knight |
| 23:30 | Create | Villager (Male) |
| 23:32 | Build | Stable |
| 23:44 | Create | Knight |
| 23:57 | Build | Farm |
| 23:59 | Create | Villager (Male) |
| 24:02 | Research | Gold Mining |
| 24:04 | Create | Knight |
| 24:16 | Create | Knight |
| 24:44 | Create | Villager (Male) |
| 24:50 | Create | Knight |
| 24:52 | Create | Villager (Male) |
| 24:55 | Create | Villager (Male) |
| 25:05 | Create | Villager (Male) |
| 25:14 | Build | Farm |
| 25:14 | Create | Villager (Male) |
| 25:16 | Create | Knight |
| 25:36 | Create | Knight |
| 25:37 | Create | Villager (Male) |
| 25:45 | Create | Villager (Male) |
| 25:51 | Create | Knight |
| 26:00 | Create | Villager (Male) |
| 26:02 | Create | Villager (Male) |
Build order — CHÓ GHẺ DŨNG CẢM
First 150 of 288 actions detected
| 0:00 | Create | Villager (Male) |
| 0:01 | Create | Villager (Male) |
| 0:02 | Build | House |
| 0:03 | Build | House |
| 0:27 | Create | Villager (Male) |
| 0:27 | Create | Villager (Male) |
| 1:24 | Create | Villager (Male) |
| 2:03 | Create | Villager (Male) |
| 2:21 | Build | Settlement |
| 2:24 | Create | Villager (Male) |
| 2:57 | Create | Villager (Male) |
| 2:57 | Create | Villager (Male) |
| 2:58 | Create | Villager (Male) |
| 2:58 | Create | Villager (Male) |
| 3:13 | Research | Loom |
| 4:13 | Create | Villager (Male) |
| 4:13 | Create | Villager (Male) |
| 4:13 | Create | Villager (Male) |
| 4:41 | Build | Palisade Gate |
| 5:20 | Create | Villager (Male) |
| 5:20 | Create | Villager (Male) |
| 5:41 | Build | Settlement |
| 6:11 | Build | Settlement |
| 6:19 | Create | Villager (Male) |
| 6:22 | Create | Villager (Male) |
| 7:14 | Create | Villager (Male) |
| 7:42 | Research | Feudal Age |
| 8:34 | Build | Barracks |
| 8:46 | Build | Barracks |
| 9:52 | Age | Feudal Age |
| 9:54 | Build | Archery Range |
| 9:59 | Build | Archery Range |
| 9:59 | Create | Villager (Male) |
| 9:59 | Create | Villager (Male) |
| 10:00 | Create | Villager (Male) |
| 10:07 | Research | Double-Bit Axe |
| 10:57 | Build | Blacksmith |
| 11:10 | Build | House |
| 11:16 | Build | Palisade Wall |
| 11:19 | Create | Archer |
| 11:19 | Create | Archer |
| 11:19 | Create | Archer |
| 11:20 | Create | Archer |
| 11:24 | Create | Villager (Male) |
| 11:24 | Create | Villager (Male) |
| 11:24 | Create | Villager (Male) |
| 11:59 | Research | Fletching |
| 12:03 | Create | Archer |
| 12:03 | Create | Archer |
| 12:08 | Create | Villager (Male) |
| 12:08 | Create | Villager (Male) |
| 12:12 | Build | Farm |
| 12:14 | Build | Farm |
| 12:16 | Build | House |
| 12:22 | Build | House |
| 12:29 | Create | Archer |
| 12:45 | Create | Villager (Male) |
| 12:49 | Build | Farm |
| 13:12 | Build | Palisade Wall |
| 13:22 | Build | Building 796 |
| 13:23 | Build | House |
| 13:27 | Build | Palisade Wall |
| 13:28 | Create | Archer |
| 13:28 | Create | Archer |
| 13:29 | Create | Villager (Male) |
| 13:29 | Create | Villager (Male) |
| 13:29 | Create | Villager (Male) |
| 13:31 | Create | Archer |
| 13:45 | Create | Archer |
| 13:50 | Build | House |
| 13:52 | Build | Palisade Wall |
| 13:56 | Build | Palisade Wall |
| 14:10 | Create | Villager (Male) |
| 14:10 | Create | Villager (Male) |
| 14:17 | Build | House |
| 14:19 | Build | House |
| 14:20 | Build | Palisade Wall |
| 14:24 | Create | Archer ×2 |
| 14:33 | Create | Villager (Male) |
| 14:33 | Create | Villager (Male) |
| 14:37 | Build | Farm |
| 14:54 | Create | Archer |
| 14:55 | Create | Archer |
| 14:55 | Create | Archer |
| 15:17 | Create | Archer |
| 15:17 | Create | Archer |
| 15:18 | Create | Villager (Male) |
| 15:18 | Create | Villager (Male) |
| 15:18 | Create | Villager (Male) |
| 15:19 | Create | Villager (Male) |
| 15:21 | Build | Farm |
| 15:27 | Build | Farm |
| 15:37 | Build | Farm |
| 15:53 | Build | Farm |
| 15:55 | Create | Villager (Male) |
| 15:55 | Create | Villager (Male) |
| 15:59 | Research | Padded Archer Armor |
| 16:00 | Research | Padded Archer Armor |
| 16:13 | Create | Archer ×3 |
| 16:13 | Create | Archer ×3 |
| 16:15 | Create | Villager (Male) |
| 16:15 | Create | Villager (Male) |
| 16:20 | Build | House |
| 16:21 | Build | House |
| 16:24 | Build | House |
| 17:15 | Create | Archer ×3 |
| 17:15 | Create | Archer ×3 |
| 17:16 | Create | Villager (Male) |
| 17:16 | Create | Villager (Male) |
| 17:16 | Create | Villager (Male) |
| 17:16 | Create | Villager (Male) |
| 17:17 | Create | Villager (Male) |
| 17:17 | Build | Farm |
| 17:18 | Build | Farm |
| 17:18 | Build | Farm |
| 17:18 | Build | Farm |
| 17:18 | Build | Farm |
| 17:40 | Create | Archer |
| 17:41 | Create | Archer |
| 17:45 | Create | Villager (Male) |
| 17:46 | Create | Villager (Male) |
| 17:47 | Build | Farm |
| 17:48 | Build | Farm |
| 17:48 | Build | Farm |
| 17:48 | Build | Farm |
| 17:52 | Build | Farm |
| 18:19 | Create | Archer |
| 18:20 | Create | Archer |
| 18:23 | Build | Farm |
| 18:25 | Build | House |
| 19:07 | Create | Archer |
| 19:07 | Create | Archer |
| 19:07 | Create | Archer |
| 19:07 | Create | Archer |
| 19:36 | Build | Farm |
| 19:36 | Build | Farm |
| 19:36 | Build | Farm |
| 19:36 | Build | Farm |
| 19:36 | Build | Farm |
| 19:37 | Build | Farm |
| 19:43 | Create | Villager (Male) |
| 19:43 | Create | Villager (Male) |
| 19:54 | Build | Farm |
| 19:54 | Build | Farm |
| 19:54 | Build | Farm |
| 20:54 | Research | Castle Age |
| 21:26 | Create | Archer ×5 |
| 21:33 | Build | Archery Range |
| 21:42 | Research | Horse Collar |
| 21:42 | Research | Horse Collar |
Build order — BatDongSan
First 150 of 265 actions detected
| 0:01 | Create | Villager (Male) |
| 0:02 | Build | House |
| 0:04 | Build | House |
| 0:11 | Create | Villager (Male) |
| 0:11 | Create | Villager (Male) |
| 0:22 | Create | Villager (Male) |
| 1:39 | Create | Villager (Male) |
| 1:39 | Create | Villager (Male) |
| 2:02 | Create | Villager (Male) |
| 2:21 | Create | Villager (Male) |
| 2:44 | Create | Villager (Male) |
| 3:01 | Build | House |
| 3:14 | Create | Villager (Male) |
| 3:20 | Build | Mill |
| 3:26 | Research | Loom |
| 4:01 | Create | Villager (Male) |
| 4:01 | Create | Villager (Male) |
| 4:50 | Create | Villager (Male) |
| 4:51 | Create | Villager (Male) |
| 5:36 | Build | Lumber Camp |
| 5:40 | Create | Villager (Male) |
| 6:11 | Create | Villager (Male) |
| 6:44 | Research | Feudal Age |
| 8:04 | Build | Barracks |
| 8:20 | Build | House |
| 8:39 | Create | Villager (Male) |
| 8:54 | Age | Feudal Age |
| 9:15 | Create | Villager (Male) |
| 9:15 | Create | Villager (Male) |
| 9:23 | Build | Stable |
| 9:25 | Build | House |
| 9:36 | Build | Farm |
| 9:54 | Create | Villager (Male) |
| 9:59 | Build | House |
| 10:00 | Build | House |
| 10:03 | Build | Palisade Wall |
| 10:12 | Create | Scout Cavalry |
| 10:12 | Create | Scout Cavalry |
| 10:12 | Create | Scout Cavalry |
| 10:17 | Create | Spearman |
| 10:33 | Build | Mill |
| 10:35 | Create | Villager (Male) |
| 10:39 | Build | Farm |
| 10:50 | Build | House |
| 11:00 | Create | Villager (Male) |
| 11:00 | Create | Villager (Male) |
| 11:09 | Build | Palisade Wall |
| 11:11 | Build | Palisade Wall |
| 11:14 | Build | Palisade Wall |
| 11:23 | Build | Palisade Wall |
| 11:24 | Build | Palisade Wall |
| 11:26 | Create | Villager (Male) |
| 11:35 | Build | Farm |
| 11:50 | Create | Villager (Male) |
| 12:02 | Build | Palisade Wall |
| 12:03 | Build | Palisade Wall |
| 12:07 | Create | Villager (Male) |
| 12:10 | Build | Farm |
| 12:15 | Build | Farm |
| 12:20 | Create | Villager (Male) |
| 12:28 | Create | Scout Cavalry |
| 12:28 | Create | Scout Cavalry |
| 12:41 | Build | Farm |
| 12:50 | Build | Farm |
| 12:56 | Create | Villager (Male) |
| 13:00 | Build | Farm |
| 13:17 | Create | Villager (Male) |
| 13:17 | Create | Villager (Male) |
| 14:03 | Create | Villager (Male) |
| 14:03 | Create | Villager (Male) |
| 14:05 | Build | Farm |
| 14:05 | Build | Farm |
| 14:05 | Build | Farm |
| 14:05 | Build | Farm |
| 14:06 | Build | Farm |
| 14:06 | Build | Farm |
| 14:06 | Build | Farm |
| 14:27 | Build | Farm |
| 14:28 | Build | Farm |
| 14:31 | Create | Scout Cavalry |
| 14:32 | Create | Scout Cavalry |
| 14:32 | Create | Scout Cavalry |
| 14:47 | Create | Villager (Male) |
| 14:50 | Build | Farm |
| 15:27 | Create | Villager (Male) |
| 15:27 | Create | Villager (Male) |
| 15:29 | Build | Farm |
| 15:29 | Build | Farm |
| 15:29 | Build | Farm |
| 15:47 | Create | Scout Cavalry |
| 15:47 | Create | Scout Cavalry |
| 16:13 | Create | Villager (Male) |
| 16:26 | Build | Blacksmith |
| 16:31 | Create | Villager (Male) |
| 16:38 | Build | Watch Tower |
| 17:01 | Create | Villager (Male) |
| 17:07 | Research | Scale Barding Armor |
| 17:07 | Research | Scale Barding Armor |
| 17:13 | Build | Mining Camp |
| 17:28 | Create | Scout Cavalry |
| 17:28 | Create | Scout Cavalry |
| 17:29 | Create | Villager (Male) |
| 17:31 | Build | Farm |
| 17:32 | Build | Farm |
| 17:32 | Build | Farm |
| 17:51 | Create | Villager (Male) |
| 17:58 | Build | House |
| 17:58 | Build | House |
| 18:03 | Create | Villager (Male) |
| 18:13 | Research | Forging |
| 18:13 | Research | Forging |
| 18:14 | Create | Villager (Male) |
| 19:06 | Create | Villager (Male) |
| 19:24 | Build | Farm |
| 19:26 | Build | Farm |
| 19:28 | Create | Villager (Male) |
| 20:03 | Build | Farm |
| 20:10 | Research | Castle Age |
| 20:19 | Build | Stable |
| 20:45 | Research | Bloodlines |
| 21:45 | Build | Stable |
| 22:10 | Research | Gold Mining |
| 22:20 | Build | Stable |
| 22:36 | Create | Villager (Male) |
| 22:50 | Age | Castle Age |
| 22:52 | Create | Villager (Male) |
| 22:54 | Create | Knight ×4 |
| 22:55 | Create | Knight ×4 |
| 23:06 | Research | Husbandry |
| 23:06 | Research | Husbandry |
| 23:12 | Research | Double-Bit Axe |
| 23:12 | Research | Horse Collar |
| 23:36 | Research | Wheelbarrow |
| 23:39 | Create | Knight |
| 23:39 | Create | Knight |
| 23:39 | Create | Knight |
| 23:40 | Create | Knight |
| 24:09 | Create | Villager (Male) |
| 24:12 | Create | Knight |
| 24:12 | Create | Knight |
| 24:22 | Build | House |
| 24:25 | Build | House |
| 24:26 | Build | House |
| 24:38 | Create | Villager (Male) |
| 24:43 | Build | House |
| 24:43 | Build | House |
| 24:59 | Research | Chain Barding Armor |
| 24:59 | Research | Chain Barding Armor |
| 25:01 | Create | Villager (Male) |
| 25:17 | Create | Battle Elephant |
Build order — Sat
First 150 of 312 actions detected
| 0:01 | Create | Villager (Male) |
| 0:02 | Build | House |
| 0:03 | Build | House |
| 0:05 | Create | Villager (Male) |
| 0:12 | Create | Villager (Male) |
| 0:12 | Create | Villager (Male) |
| 1:22 | Create | Villager (Male) |
| 1:50 | Create | Villager (Male) |
| 2:18 | Create | Villager (Male) |
| 2:18 | Create | Villager (Male) |
| 2:52 | Create | Villager (Male) |
| 2:59 | Build | Mill |
| 3:10 | Build | House |
| 3:24 | Create | Villager (Male) |
| 3:27 | Create | Villager (Male) |
| 3:30 | Research | Loom |
| 3:40 | Create | Villager (Male) |
| 4:05 | Create | Villager (Male) |
| 4:15 | Create | Villager (Male) |
| 4:44 | Create | Villager (Male) |
| 5:06 | Build | Lumber Camp |
| 5:35 | Create | Villager (Male) |
| 5:59 | Create | Villager (Male) |
| 6:42 | Research | Feudal Age |
| 7:20 | Build | Mining Camp |
| 7:48 | Build | House |
| 8:15 | Build | Barracks |
| 8:54 | Age | Feudal Age |
| 8:56 | Create | Villager (Male) |
| 8:56 | Create | Villager (Male) |
| 8:59 | Build | Archery Range |
| 9:01 | Build | Archery Range |
| 9:31 | Create | Villager (Male) |
| 9:47 | Build | House |
| 9:50 | Create | Villager (Male) |
| 9:55 | Create | Archer |
| 10:00 | Create | Villager (Male) |
| 10:05 | Build | Blacksmith |
| 10:19 | Create | Archer |
| 10:31 | Create | Villager (Male) |
| 10:34 | Build | House |
| 10:38 | Create | Archer |
| 10:41 | Create | Archer |
| 10:41 | Create | Archer |
| 10:51 | Research | Fletching |
| 11:00 | Create | Villager (Male) |
| 11:01 | Create | Archer |
| 11:20 | Create | Villager (Male) |
| 11:23 | Build | Mill |
| 11:26 | Build | House |
| 11:28 | Build | Palisade Wall |
| 11:54 | Create | Archer |
| 11:54 | Create | Archer |
| 11:56 | Create | Villager (Male) |
| 12:03 | Create | Archer |
| 12:26 | Create | Archer |
| 12:26 | Create | Archer |
| 12:26 | Create | Archer |
| 12:32 | Build | House |
| 12:37 | Create | Archer |
| 12:37 | Create | Archer |
| 12:57 | Create | Archer |
| 12:58 | Create | Villager (Male) |
| 13:19 | Create | Archer |
| 13:24 | Create | Villager (Male) |
| 13:25 | Create | Villager (Male) |
| 13:34 | Create | Archer |
| 13:55 | Create | Archer |
| 13:56 | Create | Archer |
| 13:56 | Create | Archer |
| 14:00 | Create | Villager (Male) |
| 14:00 | Create | Villager (Male) |
| 14:00 | Create | Villager (Male) |
| 14:19 | Build | Farm |
| 14:30 | Create | Archer |
| 14:37 | Create | Villager (Male) |
| 14:51 | Create | Archer |
| 14:51 | Create | Archer |
| 15:00 | Build | Farm |
| 15:19 | Create | Archer |
| 15:38 | Create | Archer |
| 15:40 | Create | Villager (Male) |
| 15:41 | Create | Villager (Male) |
| 15:44 | Build | House |
| 15:52 | Build | Farm |
| 15:54 | Create | Villager (Male) |
| 15:56 | Build | House |
| 16:05 | Create | Archer |
| 16:07 | Build | House |
| 16:22 | Research | Padded Archer Armor |
| 16:25 | Build | Farm |
| 16:41 | Build | Watch Tower |
| 16:53 | Create | Archer |
| 16:54 | Create | Archer |
| 17:31 | Build | Farm |
| 17:36 | Create | Villager (Male) |
| 17:47 | Create | Archer |
| 17:48 | Create | Villager (Male) |
| 17:48 | Create | Villager (Male) |
| 17:49 | Create | Villager (Male) |
| 18:03 | Create | Archer |
| 18:23 | Create | Archer |
| 18:23 | Create | Archer |
| 18:23 | Create | Archer |
| 18:26 | Create | Villager (Male) |
| 18:26 | Create | Villager (Male) |
| 18:26 | Create | Villager (Male) |
| 18:48 | Create | Archer |
| 18:49 | Create | Archer |
| 18:49 | Create | Archer |
| 18:57 | Create | Villager (Male) |
| 19:06 | Create | Archer |
| 19:17 | Create | Archer |
| 19:21 | Build | Farm |
| 19:22 | Build | Farm |
| 19:33 | Create | Villager (Male) |
| 19:35 | Build | Farm |
| 19:37 | Build | Farm |
| 20:02 | Create | Archer |
| 20:06 | Build | Farm |
| 20:24 | Create | Archer |
| 20:28 | Build | Farm |
| 20:29 | Create | Villager (Male) |
| 20:39 | Create | Archer |
| 20:47 | Create | Archer |
| 20:47 | Create | Archer |
| 20:51 | Build | Farm |
| 21:06 | Build | House |
| 21:18 | Create | Archer |
| 21:19 | Create | Archer |
| 21:27 | Build | House |
| 21:33 | Create | Villager (Male) |
| 21:34 | Create | Villager (Male) |
| 21:36 | Build | Mining Camp |
| 21:47 | Create | Archer |
| 22:00 | Build | House |
| 22:20 | Create | Archer |
| 22:27 | Create | Villager (Male) |
| 22:31 | Build | Market |
| 22:38 | Create | Archer |
| 22:54 | Create | Archer |
| 23:04 | Create | Villager (Male) |
| 23:15 | Create | Villager (Male) |
| 23:19 | Build | Lumber Camp |
| 23:43 | Create | Villager (Male) |
| 24:07 | Research | Castle Age |
| 24:28 | Create | Archer |
| 24:52 | Create | Archer |
| 24:53 | Create | Archer |
| 24:56 | Build | Archery Range |
Build order — TanLN
First 150 of 268 actions detected
| 0:01 | Create | Villager (Male) |
| 0:02 | Create | Villager (Male) |
| 0:02 | Create | Villager (Male) |
| 0:02 | Create | Villager (Male) |
| 0:02 | Create | Villager (Male) |
| 0:05 | Build | House |
| 0:07 | Build | House |
| 1:25 | Create | Villager (Male) |
| 2:09 | Create | Villager (Male) |
| 2:09 | Create | Villager (Male) |
| 2:54 | Build | House |
| 3:03 | Build | House |
| 3:17 | Create | Villager (Male) |
| 3:23 | Create | Villager (Male) |
| 3:25 | Create | Villager (Male) |
| 3:25 | Create | Villager (Male) |
| 3:27 | Build | Mill |
| 3:28 | Research | Loom |
| 3:58 | Create | Villager (Male) |
| 3:58 | Create | Villager (Male) |
| 3:59 | Create | Villager (Male) |
| 4:34 | Create | Villager (Male) |
| 4:34 | Create | Villager (Male) |
| 4:54 | Build | Lumber Camp |
| 4:56 | Create | Villager (Male) |
| 4:56 | Create | Villager (Male) |
| 5:39 | Create | Villager (Male) |
| 5:39 | Create | Villager (Male) |
| 6:34 | Create | Villager (Male) |
| 6:35 | Create | Villager (Male) |
| 6:35 | Create | Villager (Male) |
| 7:57 | Research | Feudal Age |
| 8:12 | Build | Barracks |
| 8:15 | Build | House |
| 8:58 | Build | Palisade Wall |
| 9:22 | Build | House |
| 10:07 | Age | Feudal Age |
| 10:09 | Build | Watch Tower |
| 10:14 | Build | Archery Range |
| 10:18 | Create | Villager (Male) |
| 10:18 | Create | Villager (Male) |
| 10:18 | Create | Villager (Male) |
| 10:19 | Create | Villager (Male) |
| 10:26 | Research | Double-Bit Axe |
| 10:39 | Build | Palisade Wall |
| 10:50 | Build | Mining Camp |
| 11:24 | Build | Archery Range |
| 11:35 | Build | Archery Range |
| 11:43 | Create | Villager (Male) |
| 11:43 | Create | Villager (Male) |
| 11:43 | Create | Villager (Male) |
| 11:51 | Build | Palisade Wall |
| 12:08 | Build | Blacksmith |
| 12:23 | Create | Archer |
| 12:24 | Create | Archer |
| 12:24 | Create | Archer |
| 12:33 | Create | Villager (Male) |
| 12:33 | Create | Villager (Male) |
| 12:33 | Create | Villager (Male) |
| 12:39 | Build | Palisade Wall |
| 12:41 | Create | Archer |
| 12:41 | Create | Archer |
| 12:43 | Create | Villager (Male) |
| 12:58 | Research | Fletching |
| 12:59 | Create | Archer |
| 13:00 | Create | Archer |
| 13:07 | Build | House |
| 13:31 | Build | Palisade Gate |
| 13:53 | Build | Mill |
| 13:59 | Create | Archer |
| 13:59 | Create | Archer |
| 14:00 | Create | Archer |
| 14:03 | Build | House |
| 14:09 | Create | Villager (Male) |
| 14:09 | Create | Villager (Male) |
| 14:09 | Create | Villager (Male) |
| 14:22 | Build | Farm |
| 14:35 | Build | Farm |
| 14:43 | Build | Palisade Wall |
| 14:59 | Create | Archer |
| 14:59 | Create | Archer |
| 14:59 | Create | Archer |
| 15:00 | Create | Archer |
| 15:00 | Create | Villager (Male) |
| 15:01 | Create | Villager (Male) |
| 15:14 | Build | Farm |
| 15:20 | Create | Archer |
| 15:26 | Create | Villager (Male) |
| 15:36 | Build | House |
| 15:43 | Build | Farm |
| 15:49 | Create | Villager (Male) |
| 15:54 | Build | House |
| 15:55 | Build | House |
| 16:03 | Build | Farm |
| 16:18 | Create | Villager (Male) |
| 16:18 | Create | Villager (Male) |
| 16:25 | Build | Farm |
| 16:29 | Create | Archer |
| 16:29 | Create | Archer |
| 16:34 | Create | Archer |
| 16:48 | Build | Farm |
| 16:52 | Build | House |
| 17:06 | Create | Spearman |
| 17:08 | Create | Spearman |
| 17:24 | Create | Villager (Male) |
| 17:24 | Create | Villager (Male) |
| 17:25 | Create | Villager (Male) |
| 17:25 | Create | Archer |
| 17:26 | Create | Archer |
| 17:26 | Create | Archer |
| 17:41 | Build | Farm |
| 17:57 | Build | Farm |
| 18:08 | Create | Villager (Male) |
| 18:09 | Create | Villager (Male) |
| 18:09 | Create | Villager (Male) |
| 18:14 | Research | Wheelbarrow |
| 18:20 | Build | House |
| 18:36 | Build | Farm |
| 19:02 | Create | Archer |
| 19:03 | Create | Archer |
| 19:03 | Create | Archer |
| 19:03 | Create | Archer |
| 19:03 | Create | Archer |
| 19:37 | Create | Archer |
| 19:45 | Build | House |
| 19:51 | Build | Farm |
| 19:54 | Create | Villager (Male) |
| 20:09 | Build | Farm |
| 20:35 | Build | Farm |
| 20:38 | Build | Farm |
| 20:55 | Research | Castle Age |
| 20:59 | Create | Archer |
| 21:13 | Create | Archer |
| 21:13 | Create | Archer |
| 21:28 | Build | Lumber Camp |
| 21:39 | Build | Lumber Camp |
| 21:45 | Create | Archer |
| 21:45 | Create | Archer |
| 21:56 | Build | House |
| 21:57 | Build | House |
| 22:17 | Create | Archer |
| 22:19 | Create | Archer |
| 22:28 | Build | Archery Range |
| 22:40 | Create | Archer |
| 22:48 | Research | Gold Mining |
| 22:48 | Research | Gold Mining |
| 23:14 | Create | Archer |
| 23:14 | Create | Archer |
| 23:14 | Create | Archer |
| 23:15 | Create | Archer |
Build order — OPEN nay đã gà
First 150 of 178 actions detected
| 0:00 | Create | Villager (Male) |
| 0:01 | Create | Villager (Male) |
| 0:01 | Create | Villager (Male) |
| 0:02 | Build | House |
| 0:04 | Build | House |
| 0:12 | Create | Villager (Male) |
| 1:24 | Create | Villager (Male) |
| 2:05 | Create | Villager (Male) |
| 2:12 | Create | Villager (Male) |
| 2:12 | Create | Villager (Male) |
| 2:46 | Create | Villager (Male) |
| 2:54 | Create | Villager (Male) |
| 3:07 | Build | House |
| 3:29 | Create | Villager (Male) |
| 3:33 | Create | Villager (Male) |
| 4:14 | Research | Loom |
| 4:19 | Create | Villager (Male) |
| 4:20 | Create | Villager (Male) |
| 4:24 | Build | Mill |
| 4:45 | Create | Villager (Male) |
| 4:57 | Create | Villager (Male) |
| 6:01 | Create | Villager (Male) |
| 6:45 | Create | Villager (Male) |
| 6:53 | Build | Lumber Camp |
| 7:24 | Research | Feudal Age |
| 7:55 | Build | House |
| 8:30 | Build | Barracks |
| 9:30 | Build | Mining Camp |
| 9:34 | Age | Feudal Age |
| 9:35 | Create | Villager (Male) |
| 9:46 | Build | Archery Range |
| 9:50 | Build | Archery Range |
| 9:50 | Create | Villager (Male) |
| 10:04 | Create | Villager (Male) |
| 10:22 | Create | Villager (Male) |
| 10:35 | Create | Archer |
| 10:44 | Build | House |
| 10:49 | Create | Archer |
| 10:52 | Create | Archer |
| 10:53 | Create | Villager (Male) |
| 10:58 | Create | Villager (Male) |
| 11:12 | Build | House |
| 11:14 | Build | House |
| 11:15 | Create | Villager (Male) |
| 11:25 | Create | Archer |
| 11:40 | Create | Archer |
| 11:42 | Build | House |
| 11:43 | Create | Villager (Male) |
| 11:45 | Create | Villager (Male) |
| 11:53 | Build | Palisade Wall |
| 11:54 | Build | Palisade Wall |
| 12:03 | Build | Palisade Wall |
| 12:13 | Create | Villager (Male) |
| 12:15 | Create | Archer |
| 12:27 | Build | Blacksmith |
| 12:37 | Create | Villager (Male) |
| 12:37 | Create | Archer |
| 12:49 | Build | Palisade Wall |
| 12:54 | Build | Palisade Wall |
| 13:08 | Research | Fletching |
| 13:25 | Build | Mill |
| 13:41 | Create | Archer |
| 13:58 | Create | Villager (Male) |
| 14:10 | Create | Villager (Male) |
| 14:13 | Create | Archer |
| 14:24 | Build | Farm |
| 14:49 | Create | Villager (Male) |
| 14:56 | Build | House |
| 14:59 | Create | Archer |
| 15:02 | Create | Archer |
| 15:20 | Create | Villager (Male) |
| 15:32 | Create | Villager (Male) |
| 15:45 | Build | Farm |
| 15:46 | Build | Farm |
| 15:47 | Create | Archer |
| 15:49 | Create | Archer |
| 15:55 | Create | Archer |
| 16:02 | Build | Farm |
| 16:39 | Create | Archer |
| 16:41 | Create | Archer |
| 17:11 | Create | Villager (Male) |
| 17:11 | Create | Archer |
| 17:21 | Build | Market |
| 17:23 | Create | Archer |
| 17:27 | Create | Villager (Male) |
| 17:28 | Create | Villager (Male) |
| 17:48 | Create | Villager (Male) |
| 17:48 | Create | Archer |
| 18:25 | Create | Archer |
| 18:27 | Create | Archer |
| 18:28 | Create | Archer |
| 18:33 | Build | House |
| 18:42 | Create | Villager (Male) |
| 18:43 | Create | Archer |
| 18:48 | Create | Archer |
| 19:15 | Create | Archer |
| 19:20 | Build | Farm |
| 19:37 | Build | Farm |
| 19:39 | Create | Villager (Male) |
| 19:42 | Create | Archer |
| 19:53 | Build | Palisade Wall |
| 20:07 | Create | Villager (Male) |
| 20:21 | Create | Villager (Male) |
| 20:21 | Create | Archer |
| 20:35 | Create | Archer |
| 20:40 | Create | Archer |
| 20:47 | Build | Farm |
| 20:52 | Create | Archer |
| 21:31 | Build | House |
| 21:33 | Build | House |
| 21:35 | Create | Villager (Male) |
| 21:36 | Create | Archer |
| 21:36 | Create | Archer |
| 21:46 | Create | Villager (Male) |
| 21:47 | Create | Archer |
| 21:47 | Create | Archer |
| 22:00 | Research | Padded Archer Armor |
| 22:05 | Create | Archer |
| 22:08 | Build | House |
| 22:39 | Research | Castle Age |
| 22:47 | Create | Archer |
| 23:05 | Research | Double-Bit Axe |
| 23:14 | Create | Villager (Male) |
| 23:16 | Create | Archer |
| 23:16 | Create | Archer |
| 23:20 | Build | Lumber Camp |
| 23:46 | Create | Archer |
| 23:47 | Create | Archer |
| 23:54 | Research | Padded Archer Armor |
| 24:31 | Build | Farm |
| 24:40 | Research | Gold Mining |
| 24:41 | Create | Archer |
| 25:00 | Build | Archery Range |
| 25:09 | Create | Archer |
| 25:09 | Create | Archer |
| 25:19 | Age | Castle Age |
| 25:37 | Research | Crossbowman (upgrade) |
| 26:32 | Create | Archer |
| 26:32 | Create | Archer |
| 26:34 | Create | Villager (Male) |
| 26:34 | Create | Villager (Male) |
| 26:38 | Create | Archer |
| 27:01 | Create | Archer |
| 27:01 | Create | Archer |
| 27:11 | Research | Bodkin Arrow |
| 27:11 | Research | Bodkin Arrow |
| 27:32 | Create | Archer |
| 27:35 | Create | Archer |
| 27:50 | Create | Villager (Male) |
| 27:51 | Create | Archer |
Build order — VNS_TrieuTuLong
First 150 of 241 actions detected
| 0:00 | Create | Villager (Male) |
| 0:01 | Create | Villager (Male) |
| 0:01 | Create | Villager (Male) |
| 0:02 | Build | House |
| 0:03 | Build | House |
| 0:12 | Create | Villager (Male) |
| 0:12 | Create | Villager (Male) |
| 0:13 | Create | Villager (Male) |
| 0:13 | Create | Villager (Male) |
| 1:24 | Create | Villager (Male) |
| 2:03 | Create | Villager (Male) |
| 2:16 | Create | Villager (Male) |
| 3:31 | Build | Mill |
| 3:44 | Create | Villager (Male) |
| 3:47 | Create | Villager (Male) |
| 4:11 | Create | Villager (Male) |
| 4:30 | Build | House |
| 4:34 | Research | Loom |
| 4:34 | Create | Villager (Male) |
| 5:00 | Create | Villager (Male) |
| 5:02 | Create | Villager (Male) |
| 6:09 | Build | Lumber Camp |
| 6:13 | Create | Villager (Male) |
| 6:40 | Research | Feudal Age |
| 8:03 | Build | House |
| 8:15 | Build | Barracks |
| 8:31 | Create | Villager (Male) |
| 8:47 | Create | Villager (Male) |
| 8:50 | Age | Feudal Age |
| 9:06 | Build | Stable |
| 9:17 | Create | Villager (Male) |
| 9:34 | Research | Double-Bit Axe |
| 9:42 | Build | House |
| 9:43 | Build | House |
| 9:50 | Create | Scout Cavalry |
| 9:58 | Build | House |
| 10:02 | Build | House |
| 10:05 | Create | Scout Cavalry |
| 10:10 | Create | Villager (Male) |
| 10:17 | Build | Mill |
| 10:24 | Create | Scout Cavalry |
| 10:32 | Create | Villager (Male) |
| 10:39 | Build | Palisade Wall |
| 10:43 | Create | Villager (Male) |
| 11:08 | Create | Villager (Male) |
| 11:18 | Create | Scout Cavalry |
| 11:18 | Create | Villager (Male) |
| 11:22 | Build | Farm |
| 11:23 | Build | Farm |
| 11:28 | Build | House |
| 11:54 | Create | Villager (Male) |
| 12:01 | Research | Horse Collar |
| 12:08 | Build | House |
| 12:12 | Build | Palisade Wall |
| 12:15 | Build | Palisade Wall |
| 12:24 | Create | Villager (Male) |
| 12:26 | Build | Farm |
| 12:27 | Build | Farm |
| 12:27 | Build | Farm |
| 12:29 | Build | Farm |
| 12:30 | Build | Farm |
| 12:49 | Create | Villager (Male) |
| 12:52 | Build | Farm |
| 13:12 | Create | Scout Cavalry |
| 13:27 | Create | Scout Cavalry |
| 13:35 | Build | Farm |
| 13:36 | Build | Farm |
| 13:37 | Build | Farm |
| 13:44 | Build | Farm |
| 13:45 | Create | Villager (Male) |
| 14:02 | Create | Scout Cavalry |
| 14:03 | Create | Villager (Male) |
| 14:09 | Build | Farm |
| 14:32 | Create | Scout Cavalry |
| 14:41 | Build | House |
| 14:50 | Create | Villager (Male) |
| 14:52 | Build | Blacksmith |
| 15:10 | Create | Villager (Male) |
| 15:27 | Create | Villager (Male) |
| 15:29 | Build | Mining Camp |
| 15:31 | Create | Scout Cavalry |
| 15:38 | Research | Scale Barding Armor |
| 15:38 | Research | Scale Barding Armor |
| 15:50 | Create | Villager (Male) |
| 15:52 | Build | Farm |
| 16:08 | Create | Villager (Male) |
| 16:29 | Research | Bloodlines |
| 16:41 | Create | Scout Cavalry |
| 16:43 | Build | Stable |
| 17:04 | Create | Villager (Male) |
| 17:28 | Create | Scout Cavalry |
| 17:29 | Create | Villager (Male) |
| 17:31 | Build | Farm |
| 17:32 | Build | Farm |
| 17:34 | Build | Farm |
| 17:35 | Build | Farm |
| 17:51 | Create | Scout Cavalry |
| 18:16 | Create | Villager (Male) |
| 18:19 | Create | Scout Cavalry |
| 18:20 | Create | Scout Cavalry |
| 18:43 | Create | Villager (Male) |
| 18:48 | Build | Market |
| 19:09 | Build | Farm |
| 19:19 | Create | Villager (Male) |
| 19:35 | Build | Palisade Gate |
| 19:37 | Build | Palisade Wall |
| 20:29 | Research | Castle Age |
| 20:29 | Research | Castle Age |
| 20:49 | Create | Scout Cavalry |
| 20:49 | Create | Scout Cavalry |
| 21:07 | Build | Farm |
| 21:27 | Build | House |
| 21:29 | Build | House |
| 21:38 | Build | House |
| 21:45 | Create | Spearman |
| 21:55 | Build | Market |
| 21:57 | Build | House |
| 22:20 | Build | Lumber Camp |
| 23:09 | Age | Castle Age |
| 23:11 | Create | Knight |
| 23:11 | Create | Knight |
| 23:11 | Create | Knight |
| 23:12 | Create | Knight |
| 23:14 | Research | Chain Barding Armor |
| 23:15 | Create | Villager (Male) |
| 23:15 | Create | Villager (Male) |
| 23:16 | Create | Villager (Male) |
| 23:20 | Build | Monastery |
| 23:26 | Research | Bow Saw |
| 23:44 | Create | Villager (Male) |
| 23:54 | Research | Husbandry |
| 23:59 | Create | Knight |
| 24:01 | Create | Monk |
| 24:15 | Create | Knight |
| 24:15 | Create | Knight |
| 24:21 | Build | Town Center |
| 24:26 | Create | Villager (Male) |
| 24:40 | Build | Town Center |
| 24:42 | Create | Villager (Male) |
| 24:54 | Create | Knight |
| 24:55 | Create | Knight |
| 25:25 | Build | Farm |
| 25:26 | Build | Farm |
| 25:26 | Build | Farm |
| 25:29 | Create | Knight |
| 25:29 | Create | Knight |
| 25:32 | Create | Knight |
| 25:32 | Create | Knight |
| 25:52 | Create | Villager (Male) |
| 25:52 | Create | Villager (Male) |
Build order — Toan Perfect
First 150 of 385 actions detected
| 0:00 | Research | Loom |
| 0:01 | Research | Loom |
| 0:02 | Build | House |
| 0:03 | Build | House |
| 0:05 | Build | House |
| 0:07 | Build | House |
| 0:09 | Create | Villager (Male) |
| 0:11 | Create | Villager (Male) |
| 0:11 | Create | Villager (Male) |
| 1:30 | Create | Villager (Male) |
| 1:50 | Build | Lumber Camp |
| 2:10 | Create | Villager (Male) |
| 2:13 | Create | Villager (Male) |
| 2:47 | Create | Villager (Male) |
| 3:09 | Create | Villager (Male) |
| 3:40 | Create | Villager (Male) |
| 3:47 | Create | Villager (Male) |
| 4:00 | Build | Mill |
| 4:17 | Create | Villager (Male) |
| 4:18 | Create | Villager (Male) |
| 4:49 | Create | Villager (Male) |
| 4:55 | Create | Villager (Male) |
| 4:55 | Create | Villager (Male) |
| 5:26 | Create | Villager (Male) |
| 5:50 | Create | Villager (Male) |
| 5:52 | Create | Villager (Male) |
| 6:52 | Research | Feudal Age |
| 7:34 | Build | Mining Camp |
| 7:52 | Create | Villager (Male) |
| 8:17 | Build | Barracks |
| 8:28 | Build | House |
| 8:29 | Build | Palisade Wall |
| 8:56 | Create | Villager (Male) |
| 9:02 | Age | Feudal Age |
| 9:09 | Research | Double-Bit Axe |
| 9:09 | Research | Double-Bit Axe |
| 9:14 | Build | Archery Range |
| 9:27 | Create | Villager (Male) |
| 9:51 | Build | House |
| 9:52 | Create | Archer |
| 9:54 | Create | Villager (Male) |
| 10:04 | Create | Villager (Male) |
| 10:08 | Create | Archer |
| 10:16 | Create | Villager (Male) |
| 10:28 | Build | Blacksmith |
| 10:32 | Create | Villager (Male) |
| 10:35 | Create | Villager (Male) |
| 10:38 | Build | Farm |
| 10:43 | Create | Archer |
| 10:50 | Create | Villager (Male) |
| 10:53 | Research | Double-Bit Axe |
| 11:01 | Create | Villager (Male) |
| 11:04 | Create | Villager (Male) |
| 11:15 | Create | Villager (Male) |
| 11:17 | Create | Villager (Male) |
| 11:24 | Build | House |
| 11:25 | Build | House |
| 11:27 | Build | Palisade Wall |
| 11:32 | Create | Archer |
| 11:56 | Create | Villager (Male) |
| 12:01 | Build | Mill |
| 12:13 | Create | Villager (Male) |
| 12:15 | Build | Farm |
| 12:21 | Build | Farm |
| 12:22 | Create | Archer |
| 12:28 | Create | Archer |
| 12:36 | Build | House |
| 12:40 | Research | Fletching |
| 12:46 | Create | Spearman |
| 12:54 | Build | Farm |
| 13:00 | Build | Building 796 |
| 13:01 | Build | Palisade Wall |
| 13:06 | Build | Building 796 |
| 13:14 | Create | Villager (Male) |
| 13:20 | Build | Farm |
| 13:23 | Build | Farm |
| 13:31 | Build | Farm |
| 13:35 | Create | Archer |
| 13:41 | Create | Villager (Male) |
| 13:47 | Build | Palisade Wall |
| 13:49 | Build | House |
| 14:06 | Create | Archer |
| 14:08 | Create | Villager (Male) |
| 14:20 | Build | Mill |
| 14:26 | Create | Villager (Male) |
| 14:29 | Create | Archer |
| 14:30 | Create | Villager (Male) |
| 14:55 | Create | Archer |
| 15:00 | Build | House |
| 15:03 | Build | Palisade Wall |
| 15:04 | Create | Villager (Male) |
| 15:06 | Build | Farm |
| 15:13 | Build | Farm |
| 15:30 | Create | Villager (Male) |
| 15:46 | Create | Archer |
| 15:56 | Build | Farm |
| 15:58 | Build | Farm |
| 16:12 | Create | Villager (Male) |
| 16:15 | Create | Archer |
| 16:18 | Build | House |
| 16:20 | Build | House |
| 16:40 | Create | Villager (Male) |
| 16:42 | Create | Archer |
| 16:42 | Create | Archer |
| 17:34 | Create | Archer |
| 17:35 | Create | Archer |
| 17:38 | Build | House |
| 17:40 | Build | Palisade Wall |
| 17:42 | Build | House |
| 17:44 | Build | House |
| 17:45 | Build | House |
| 17:54 | Build | Archery Range |
| 17:55 | Create | Archer |
| 18:03 | Research | Padded Archer Armor |
| 18:04 | Research | Padded Archer Armor |
| 18:06 | Research | Gold Mining |
| 18:10 | Research | Castle Age |
| 18:11 | Create | Archer |
| 18:22 | Build | House |
| 18:26 | Build | Farm |
| 18:28 | Build | Farm |
| 18:28 | Create | Archer |
| 18:44 | Create | Archer |
| 18:44 | Create | Archer |
| 18:45 | Create | Villager (Male) |
| 18:49 | Build | Farm |
| 18:52 | Research | Horse Collar |
| 18:53 | Create | Archer |
| 19:01 | Create | Villager (Male) |
| 19:08 | Create | Archer |
| 19:08 | Create | Archer |
| 19:12 | Create | Villager (Male) |
| 19:20 | Create | Archer |
| 19:31 | Create | Villager (Male) |
| 19:33 | Build | House |
| 19:34 | Build | Palisade Wall |
| 19:39 | Build | House |
| 19:53 | Create | Archer |
| 19:54 | Create | Archer |
| 20:01 | Create | Archer |
| 20:29 | Create | Archer |
| 20:29 | Create | Archer |
| 20:47 | Create | Archer |
| 20:47 | Create | Archer |
| 20:50 | Age | Castle Age |
| 20:55 | Research | Crossbowman (upgrade) |
| 20:56 | Create | Villager (Male) |
| 21:03 | Research | Bow Saw |
| 21:03 | Research | Bow Saw |
| 21:11 | Research | Bodkin Arrow |
Match timeline
| 8:03 | Tiny Airlane · first_building Barracks |
| 8:04 | BatDongSan · first_building Barracks |
| 8:12 | TanLN · first_building Barracks |
| 8:15 | Sat · first_building Barracks |
| 8:15 | VNS_TrieuTuLong · first_building Barracks |
| 8:16 | Tiny Airlane · wall_segment Palisade Wall x5 |
| 8:17 | Toan Perfect · first_building Barracks |
| 8:18 | Tiny Airlane · wall_segment Palisade Wall x3 |
| 8:29 | Toan Perfect · wall_segment Palisade Wall x1 |
| 8:30 | OPEN nay đã gà · first_building Barracks |
| 8:34 | CHÓ GHẺ DŨNG CẢM · first_building Barracks |
| 8:50 | VNS_TrieuTuLong · age_up feudal |
| 8:54 | BatDongSan · age_up feudal |
| 8:54 | Sat · age_up feudal |
| 8:58 | TanLN · wall_segment Palisade Wall x8 |
| 8:59 | Sat · first_building Archery Range |
| 9:01 | Tiny Airlane · age_up feudal |
| 9:02 | Toan Perfect · age_up feudal |
| 9:04 | Tiny Airlane · first_building Stable |
| 9:06 | VNS_TrieuTuLong · first_building Stable |
| 9:14 | Toan Perfect · first_building Archery Range |
| 9:23 | BatDongSan · first_building Stable |
| 9:34 | OPEN nay đã gà · age_up feudal |
| 9:46 | OPEN nay đã gà · first_building Archery Range |
| 9:52 | CHÓ GHẺ DŨNG CẢM · age_up feudal |
| 9:54 | CHÓ GHẺ DŨNG CẢM · first_building Archery Range |
| 10:03 | BatDongSan · wall_segment Palisade Wall x8 |
| 10:07 | TanLN · age_up feudal |
| 10:14 | TanLN · first_building Archery Range |
| 10:39 | VNS_TrieuTuLong · wall_segment Palisade Wall x10 |
| 10:39 | TanLN · wall_segment Palisade Wall x3 |
| 11:09 | BatDongSan · wall_segment Palisade Wall x3 |
| 11:11 | BatDongSan · wall_segment Palisade Wall x13 |
| 11:14 | BatDongSan · wall_segment Palisade Wall x2 |
| 11:15 | Tiny Airlane · wall_segment Palisade Wall x2 |
| 11:16 | CHÓ GHẺ DŨNG CẢM · wall_segment Palisade Wall x14 |
| 11:23 | BatDongSan · wall_segment Palisade Wall x8 |
| 11:24 | BatDongSan · wall_segment Palisade Wall x9 |
| 11:25 | Tiny Airlane · wall_segment Palisade Wall x8 |
| 11:27 | Tiny Airlane · wall_segment Palisade Wall x8 |
| 11:27 | Toan Perfect · wall_segment Palisade Wall x6 |
| 11:28 | Sat · wall_segment Palisade Wall x4 |
| 11:51 | TanLN · wall_segment Palisade Wall x9 |
| 11:53 | OPEN nay đã gà · wall_segment Palisade Wall x4 |
| 11:54 | OPEN nay đã gà · wall_segment Palisade Wall x5 |
| 12:02 | BatDongSan · wall_segment Palisade Wall x6 |
| 12:03 | BatDongSan · wall_segment Palisade Wall x1 |
| 12:03 | OPEN nay đã gà · wall_segment Palisade Wall x1 |
| 12:12 | VNS_TrieuTuLong · wall_segment Palisade Wall x10 |
| 12:15 | VNS_TrieuTuLong · wall_segment Palisade Wall x7 |
| 12:39 | TanLN · wall_segment Palisade Wall x10 |
| 12:49 | OPEN nay đã gà · wall_segment Palisade Wall x1 |
| 12:54 | OPEN nay đã gà · wall_segment Palisade Wall x6 |
| 13:01 | Toan Perfect · wall_segment Palisade Wall x1 |
| 13:12 | CHÓ GHẺ DŨNG CẢM · wall_segment Palisade Wall x1 |
| 13:27 | CHÓ GHẺ DŨNG CẢM · wall_segment Palisade Wall x2 |
| 13:47 | Toan Perfect · wall_segment Palisade Wall x1 |
| 13:52 | CHÓ GHẺ DŨNG CẢM · wall_segment Palisade Wall x14 |
| 13:56 | CHÓ GHẺ DŨNG CẢM · wall_segment Palisade Wall x1 |
| 14:16 | Tiny Airlane · wall_segment Palisade Wall x1 |
| 14:20 | CHÓ GHẺ DŨNG CẢM · wall_segment Palisade Wall x3 |
| 14:43 | TanLN · wall_segment Palisade Wall x8 |
| 15:03 | Toan Perfect · wall_segment Palisade Wall x7 |
| 17:40 | Toan Perfect · wall_segment Palisade Wall x1 |
| 19:21 | Tiny Airlane · first_market_sell 100 wood |
| 19:22 | Tiny Airlane · first_market_buy 100 food |
| 19:34 | Toan Perfect · wall_segment Palisade Wall x1 |
| 19:37 | VNS_TrieuTuLong · wall_segment Palisade Wall x4 |
| 19:53 | OPEN nay đã gà · wall_segment Palisade Wall x1 |
| 20:06 | VNS_TrieuTuLong · first_market_buy 100 food |
| 20:29 | VNS_TrieuTuLong · first_market_sell 100 wood |
| 20:50 | Toan Perfect · age_up castle |
| 22:20 | Tiny Airlane · age_up castle |
| 22:32 | OPEN nay đã gà · first_market_buy 100 food |
| 22:50 | BatDongSan · age_up castle |
| 23:09 | VNS_TrieuTuLong · age_up castle |
| 23:20 | VNS_TrieuTuLong · first_building Monastery |
| 23:35 | TanLN · age_up castle |
| 23:42 | CHÓ GHẺ DŨNG CẢM · age_up castle |
| 23:45 | Sat · first_market_buy 100 food |
| 23:47 | Sat · first_market_sell 500 wood |
| 25:01 | Sat · wall_segment Palisade Wall x1 |
| 25:19 | OPEN nay đã gà · age_up castle |
| 26:18 | Tiny Airlane · first_building Monastery |
| 26:47 | Sat · age_up castle |
| 27:00 | Toan Perfect · first_building Monastery |
| 31:44 | CHÓ GHẺ DŨNG CẢM · first_building Siege Workshop |
| 31:49 | Toan Perfect · first_building Castle |
| 32:48 | TanLN · first_building Siege Workshop |
| 33:58 | Toan Perfect · first_market_sell 100 wood |
| 34:36 | CHÓ GHẺ DŨNG CẢM · first_building Monastery |
| 36:00 | BatDongSan · first_building Monastery |
| 36:32 | BatDongSan · first_building Siege Workshop |
| 37:17 | Toan Perfect · age_up imperial |
| 37:22 | OPEN nay đã gà · resign |
[ AI ANALYSIS · 1 CREDIT ]
What really happened in this match?
Wolo.gg analyzes every decision: build order, eco, micro, common mistakes by bracket. Personalized analysis on WhatsApp or Discord in 30 seconds.
Civ guide
Malians
Perfil
Jugador #6424442